 Dungeon Crawl Stone Soup version 0.30-a0-782-ge64f9170bb (webtiles) character file.

Game seed: 5953336402650608435

205715 vineage the Slayer (level 18, -2/136 HPs)
             Began as a Gargoyle Fighter on Feb 28, 2023.
             Was a High Priest of Okawaru.
             Killed by divine providence
             ... invoked by a meliai
              (17 damage)
             ... on level 3 of the Spider Nest.
             The game lasted 00:38:17 (37052 turns).

vineage the Slayer (Gargoyle Fighter)              Turns: 37052, Time: 00:38:18

Health: -2/136     AC: 53    Str: 33    XL:     18   Next: 69%
Magic:  14/23      EV: 11    Int: 10    God:    Okawaru [*****.]
Gold:   2798       SH: 28    Dex: 15    Spells: 17/17 levels left

rFire   . . .      SeeInvis +    W - +2 eveningstar (holy)
rCold   + . .      Faith    .    K - +0 tower shield
rNeg    + . .      Spirit   .    v - +15 plate armour of the Eternal Fruit {+Blink rC+}
rPois   ∞          Reflect  +    S - +0 hat {SInv}
rElec   +          Harm     .    (no cloak)
rCorr   .          Rampage  .    e - +1 pair of gloves
Will    +....                    I - +0 pair of boots Stlth
                                 A - amulet of reflection
HPRegen 0.42/turn                V - +6 ring of dexterity
MPRegen 0.18/turn                H - +6 ring of strength

@: heroic, flying, studying 4 skills
A: sickness immunity, AC +13, big wings, negative energy resistance 1,
electricity resistance, torment resistance 1, petrification resistance
}: 1/15 runes: decaying
a: Renounce Religion, Evoke Blink, Heroism, Finesse, Duel


You were on level 3 of the Spider Nest.
You worshipped Okawaru.
Okawaru was extremely pleased with you.
You visited 7 branches of the dungeon, and saw 31 of its levels.
You also visited: Trove, Bailey and Ice Cave.

You collected 2858 gold pieces.
You spent 60 gold pieces at shops.

Inventory:

Hand Weapons
 T - a +1 demon whip of venom
 W - a +2 eveningstar of holy wrath (weapon)
Armour
 e - a +1 pair of gloves (worn)
 v - the +15 plate armour of the Eternal Fruit (worn) {+Blink rC+}
   (You found it on level 4 of the Dungeon)

   rC:        It protects you from cold.
   +Blink:    It lets you blink.
 I - a +0 pair of boots (worn)
 K - a +0 tower shield (worn)
 S - a +0 hat of see invisible (worn)
Jewellery
 i - a ring of willpower
 p - an amulet of the acrobat
 q - a ring of protection from fire
 s - an amulet of guardian spirit
 A - an amulet of reflection (around neck)
 H - a +6 ring of strength (right hand)
 M - a ring of ice
 N - an amulet of faith
 U - an amulet of regeneration
 V - a +6 ring of dexterity (left hand)
 X - a +4 ring of protection
 Y - the ring of Ittum {Ice rElec Will- SInv Stlth+}
   (You found it on level 5 of the Lair of Beasts)

   [ring of ice]

   It enhances your ice magic.
   rF:        It makes you vulnerable to fire.
   rC:        It protects you from cold.
   rElec:     It insulates you from electricity.
   SInv:      It lets you see invisible.
   Will:      It decreases your willpower.
   Stlth:     It makes you more stealthy.
Wands
 k - a wand of roots (9)
 x - a wand of digging (9)
 y - a wand of mindburst (10)
 B - a wand of flame (6)
 R - a wand of polymorph (5)
Scrolls
 b - 2 scrolls of brand weapon
 u - 14 scrolls of identify
 w - a scroll of poison
 z - 6 scrolls of magic mapping
 C - 6 scrolls of enchant armour
 D - a scroll of enchant weapon
 E - a scroll of blinking
 F - 2 scrolls of fear
 J - 4 scrolls of fog
 L - 4 scrolls of noise
 P - 5 scrolls of teleportation
 Q - 2 scrolls of amnesia
Potions
 a - a potion of berserk rage
 c - 8 potions of ambrosia
 d - 4 potions of might
 f - 7 potions of attraction
 g - 8 potions of mutation
 h - 4 potions of cancellation
 j - 6 potions of lignification
 l - 3 potions of heal wounds
 m - 6 potions of resistance
 n - 10 potions of curing
 o - 8 potions of flight
 r - 2 potions of brilliance
 t - a potion of magic
 G - 5 potions of haste
 O - a potion of invisibility


   Skills:
 * Level 22.9(27) Fighting
 + Level 16.0(21.0) Maces & Flails
 + Level 17.0(22.0) Armour
 + Level 18.8(23.8) Shields
 - Level 7.9 Invocations


You had 17 spell levels left.
You didn't know any spells.
Your spell library contained the following spells:

 Spells                   Type           Power      Damage    Failure   Level
 Apportation              Tloc           0%         N/A       87%         1
 Beastly Appendage        Tmut           0%         N/A       87%         1
 Foxfire                  Conj/Fire      0%         2x1d4     87%         1
 Kiss of Death            Conj/Necr      0%         2d5       87%         1
 Magic Dart               Conj           0%         1d3       87%         1
 Necrotise                Necr           0%         1d4       87%         1
 Sandblast                Erth           0%         2d4       87%         1
 Shock                    Conj/Air       0%         1d3       87%         1
 Slow                     Hex            0%         N/A       87%         1
 Blink                    Tloc           0%         N/A       95%         2
 Ensorcelled Hibernation  Hex/Ice        0%         N/A       95%         2
 Lesser Beckoning         Tloc           0%         N/A       95%         2
 Momentum Strike          Conj/Tloc      0%         3d8       95%         2
 Passwall                 Tmut/Erth      0%         N/A       95%         2
 Poisonous Vapours        Pois/Air       0%         N/A       95%         2
 Scorch                   Fire           0%         2d5       95%         2
 Searing Ray              Conj           0%         2d4       95%         2
 Static Discharge         Conj/Air       0%         2-2/arc   95%         2
 Wereblood                Tmut           0%         N/A       95%         2
 Confusing Touch          Hex            0%         N/A       99%         3
 Dazzling Flash           Conj/Hex       0%         N/A       99%         3
 Ignite Poison            Fire/Tmut/Pois 0%         N/A       99%         3
 Inner Flame              Hex/Fire       0%         N/A       99%         3
 Kindle Blastsparks       Fire/Tloc/Air  0%         2d10      99%         3
 Mephitic Cloud           Conj/Pois/Air  0%         N/A       99%         3
 Portal Projectile        Hex/Tloc       0%         N/A       99%         3
 Spider Form              Tmut/Pois      0%         N/A       99%         3
 Stone Arrow              Conj/Erth      0%         3d7       99%         3
 Vampiric Draining        Necr           0%         2d6       99%         3
 Anguish                  Hex/Necr       0%         N/A       100%        4
 Cause Fear               Hex            0%         N/A       100%        4
 Flame Wave               Conj/Fire      0%         2d4       100%        4
 Fulminant Prism          Conj/Hex       0%         3d5       100%        4
 Leda's Liquefaction      Hex/Erth       0%         N/A       100%        4
 Petrify                  Tmut/Erth      0%         N/A       100%        4
 Arcjolt                  Conj/Air       0%         1d10      100%        5
 Freezing Cloud           Conj/Ice/Air   0%         6-21      100%        5
 Irradiate                Conj/Tmut      0%         3d11      100%        5
 Lee's Rapid Deconstruct  Erth           0%         3d4*      100%        5
 Lightning Bolt           Conj/Air       0%         1d11      100%        5
 Yara's Violent Unravell  Hex/Tmut       0%         3d3       100%        5
 Conjure Ball Lightning   Conj/Air       0%         3x3d6     100%        6
 Starburst                Conj/Fire      0%         6d3       100%        6
 Enfeeble                 Hex            0%         N/A       100%        7
 Storm Form               Tmut/Air       0%         N/A       100%        7
 Discord                  Hex            0%         N/A       100%        8
 Summon Small Mammal      Summ           Unusable   N/A       N/A         1
 Call Imp                 Summ           Unusable   N/A       N/A         2
 Sublimation of Blood     Necr           Unusable   N/A       N/A         2
 Call Canine Familiar     Summ           Unusable   N/A       N/A         3
 Summon Mana Viper        Hex/Summ       Unusable   N/A       N/A         5
 Statue Form              Tmut/Erth      Unusable   N/A       N/A         6
 Summon Cactus Giant      Summ           Unusable   N/A       N/A         6
 Summon Hydra             Summ           Unusable   N/A       N/A         7

Dungeon Overview and Level Annotations

Branches:
Dungeon (15/15)            Temple (1/1) D:5            Lair (5/5) D:9
  Swamp (4/4) Lair:3       Spider (3/4) Lair:2        Slime (0/5) Lair:4
    Orc (2/2) D:12            Elf (1/3) Orc:2        Vaults (0/5) D:14
 Depths (0/4) D:15         Bailey (visited)           IceCv (visited)

Altars:
Ashenzari
Cheibriados
Dithmenos
Elyvilon
Fedhas
Gozag
Hepliaklqana
Kikubaaqudgha
Makhleb
Nemelex Xobeh
Okawaru
Qazlal
Ru
Sif Muna
Trog
Uskayaw
Vehumet
Wu Jian
Xom
Yredelemnul
Zin
The Shining One
Jiyva

Shops:
D:3 (!?   D:12 [(:   D:14 !   Orc:2 ![[:

Annotations:
D:7 2 transporters, t4s4d4r's ghost, novice OpFi
Spider:1 2 transporters, Arachne; pedritolo's ghost, adept OpMo


Innate Abilities, Weirdness & Mutations

You are immune to sickness and miasma.
Your stone body is resilient. (AC +13)
You are immune to poison.
Your large and strong wings let you fly.
You resist negative energy. (rN+)
You are resistant to electric shocks. (rElec)
You are resistant to unholy torment.
You are immune to petrification.


Message History

You completely miss the meliai.
The meliai is severely wounded.
You block the meliai's attack. The meliai hits you but does no damage.
You block the meliai's attack.
You bludgeon the meliai!!
You kill the meliai!
Okawaru accepts your kill. You block the meliai's attack. x2
The meliai buzzes angrily.
You block the meliai's attack. x2
The meliai hits you with a +2 antimagic trident!
* * * LOW HITPOINT WARNING * * *
You feel your power leaking away.
The meliai stings you but does no damage.
Things that are here:
a +0 hand axe; a +0 robe The meliai hits you with a +2 antimagic trident.
* * * LOW HITPOINT WARNING * * *
You feel your power leaking away. The meliai completely misses you.
You block the meliai's attack. The meliai barely misses you.
You bludgeon the meliai!!
The meliai is almost dead.
The meliai hits you with a +2 antimagic trident.
* * * LOW HITPOINT WARNING * * *
You feel your power leaking away. You block the meliai's attack.
The meliai calls down the wrath of its god upon you.
Something smites you!
* * * LOW HITPOINT WARNING * * *
The meliai barely misses you. x2
You sock the meliai!
You kill the meliai!
Okawaru accepts your kill. The meliai hits you but does no damage.
The meliai stings you but does no damage.
You gain the combat prowess of a mighty hero.
The meliai calls down the wrath of its god upon you.
Something smites you!
You die...

### ###.##### ###......>###
####...........##
#...............##
#####...........^#
####.....^^.##
####..#############
#.@)...........####
#y)######.####.^...
#########^####.......######
#^....##..# #...........##
#...^..#.## #............#
### #......#.#
#..^........## ##.#
#......†## #...........#
#..# #........##
#..).†.....## #..##
#.........# #.........##


You could see a meliai.

Vanquished Creatures
  the Lernaean hydra (Swamp:4)
  Nikola (Swamp:2)
  Rupert (D:12)
  Donald (Swamp:1)
  Gastronok (Lair:1)
  2 thorn hunters
  Roxanne (Swamp:4)
  An emperor scorpion (Spider:3)
  3 ghost moths
  A frost giant (IceCv)
  3 broodmothers (Spider:1)
  4 eleionomae
  3 bunyips
  A shambling mangrove (Swamp:3)
  The ghost of Athor the Covert, a journeyman VSBr of Okawaru (Lair:2)
  2 entropy weavers (Spider:2)
  28 hydras
  Fannar (D:9)
  2 centaur warriors (D:14)
  2 catoblepae
  2 radroaches
  Erica (Lair:1)
  2 jorogumos
  4 ghost crabs
  2 vault guards
  2 ogre magi
  A death knight (D:14)
  10 alligators
  15 two-headed ogres
  A dancing weapon (Elf:1)
  A deep troll shaman (Lair:5)
  7 boulder beetles
  15 death yaks
  5 tengu warriors
  An orc high priest (Orc:1)
  Urug (Lair:1)
  A deep elf knight (Elf:1)
  A spriggan berserker (Swamp:2)
  An iron troll (Orc:1)
  A fire crab (Lair:4)
  Amaemon (Lair:1)
  A deep troll (D:12)
  A sun moth (Spider:1)
  6 pharaoh ants
  7 goliath frogs
  2 skysharks
  8 swamp dragons
  10 bog bodies
  3 spriggan druids
  3 slime creatures
  4 orb spiders
  A wizard (D:10)
  Pikel (D:6)
  A flayed ghost (D:14)
  3 steelbarb worms (Spider:3)
  The ghost of DramaSushi the Chopper, a novice DrAr (D:6)
  An ugly thing (D:13)
  5 deep elf zephyrmancers
  A necromancer (D:15)
  2 orc knights
  6 deep elf pyromancers
  3 orc sorcerers
  2 manticores
  14 wolf spiders
  6 cyclopes
  A moth of wrath (Spider:2)
  An ice statue (IceCv)
  7 black mambas
  A centaur zombie (D:15)
  13 cane toads
  7 demonic crawlers
  6 elephants
  2 torpor snails
  2 naga magi (D:15)
  An orange demon (Lair:1)
  2 unseen horrors
  A centaur skeleton (D:15)
  2 efreet
  10 rime drakes
  8 komodo dragons
  2 freezing wraiths (D:14)
  A yaktaur (shapeshifter) (D:13)
  4 yaktaurs (D:13)
  A tengu conjurer (D:14)
  7 polar bears
  A queen bee (D:9)
  11 trolls
  6 tyrant leeches
  5 meliai
  5 hornets
  13 tarantellas
  27 blink frogs
  A dream sheep (Lair:4)
  18 culicivoras
  20 jumping spiders
  3 centaur simulacra
  Sigmund (D:3)
  4 shadows
  3 wyverns
  3 vampires
  7 wraiths
  4 spriggans (Swamp:2)
  Eustachio (D:6)
  5 basilisks
  7 humans (D:15)
  An unseen horror simulacrum (D:6)
  67 yaks
  Grum (D:10)
  24 redbacks
  A steam dragon (Lair:2)
  11 vampire mosquitoes
  Edmund (D:6)
  5 wargs
  14 swamp worms
  18 water moccasins
  An acid dragon (D:13)
  8 swamp drakes
  21 orc warriors
  3 sky beasts
  5 ice beasts
  4 black bears
  23 ogres
  3 boggarts (D:15)
  18 wolves
  6 centaurs
  6 kobold brigands (Bailey)
  19 bullfrogs
  A necrophage (D:5)
  3 wights (D:8)
  23 killer bees (D:9)
  3 hounds (D:7)
  6 jellies
  8 orc priests
  Ijyb (D:3)
  A gnoll bouda (Orc:2)
  9 iguanas
  16 orc wizards
  16 hell rats
  A howler monkey skeleton (D:6)
  A howler monkey zombie (D:6)
  9 adders
  8 gnolls
  2 white imps
  A howler monkey simulacrum (D:6)
  5 dart slugs
  59 orcs
  22 endoplasms
  8 goblins
  3 hobgoblins
  3 jackals (D:2)
  2 quokkas
  A ball python (D:1)
  4 bats
  3 frilled lizards
  14 kobolds
  6 rats
  A briar patch (Swamp:3)
951 creatures vanquished.

Vanquished Creatures (others)
  Kirke (D:15)
  An eleionoma (Swamp:3)
  2 spriggans (Swamp:3)
  2 bloated husks
  2 hornets (Swamp:3)
  3 vampire mosquitoes (Swamp:3)
  An orc priest (Orc:2)
  An orc wizard (Orc:1)
  A bush (Swamp:4)
  22 fungi
  34 plants
70 creatures vanquished.

Grand Total: 1021 creatures vanquished

Notes
Turn   | Place    | Note
-------+----------+-------------------------------------------
     0 | D:1      | vineage the Gargoyle Fighter began the quest for the Orb.
     0 | D:1      | Reached XP level 1. HP: 14/14 MP: 1/1
   202 | D:1      | Reached XP level 2. HP: 19/19 MP: 2/2
   536 | D:1      | Reached skill level 4 in Fighting
   536 | D:1      | Reached XP level 3. HP: 11/24 MP: 3/3
  1025 | D:2      | Reached XP level 4. HP: 30/30 MP: 4/4
  1437 | D:3      | Found Sompauc's Magic Scroll Boutique.
  1438 | D:3      | Found Waisoe's Distillery.
  1492 | D:3      | Found Tatzyontaer's Weapon Shoppe.
  1519 | D:3      | Found an opulent altar of Gozag.
  1601 | D:3      | Noticed Sigmund
  1611 | D:3      | Killed Sigmund
  1612 | D:3      | Reached skill level 5 in Fighting
  1612 | D:3      | Reached XP level 5. HP: 31/35 MP: 5/5
  1612 | D:3      | Reached XP level 6. HP: 35/40 MP: 6/6
  1867 | D:3      | Noticed Ijyb
  1876 | D:3      | Killed Ijyb
  2357 | D:4      | Identified the +15 plate armour of the Eternal Fruit
                  | {+Blink rC+}
  2567 | D:4      | Noticed a black bear
  2580 | D:4      | Killed a black bear
  2581 | D:4      | Reached skill level 6 in Fighting
  2581 | D:4      | Reached skill level 5 in Maces & Flails
  2772 | D:5      | Entered Level 5 of the Dungeon
  2773 | D:5      | Found a staircase to the Ecumenical Temple.
  2776 | D:5      | Identified the +3 ring mail "Hoenel" {rPois rC+++ Will+
                  | Int-3}
  2782 | Temple   | Entered the Ecumenical Temple
  2811 | D:5      | Reached XP level 7. HP: 46/46 MP: 7/7
  2851 | D:5      | Noticed a water elemental
  2858 | D:5      | Found a stormy altar of Qazlal.
  2860 | D:5      | Noticed a fire elemental
  2861 | D:5      | Noticed an air elemental
  3093 | D:5      | Identified the +7 dagger of Compassion {flame, Fly Will+}
  3266 | D:5      | Found a bloodstained altar of Trog.
  3355 | D:5      | Reached XP level 8. HP: 51/52 MP: 8/8
  3415 | D:5      | Reached skill level 7 in Fighting
  3415 | D:5      | Reached skill level 5 in Armour
  3415 | D:5      | Reached skill level 5 in Shields
  3705 | D:6      | Noticed Eustachio
  3751 | D:6      | Killed Eustachio
  3843 | D:6      | Noticed Edmund
  3858 | D:6      | Killed Edmund
  4006 | D:6      | Reached XP level 9. HP: 59/59 MP: 9/9
  4071 | D:6      | Noticed Pikel
  4086 | D:6      | Killed Pikel
  4087 | D:6      | Reached skill level 8 in Fighting
  4333 | D:6      | Found a runed translucent gate.
  4333 | D:6      | Found a runed translucent gate.
  4333 | D:6      | Found a runed translucent gate.
  4334 | D:6      | Noticed DramaSushi's ghost (novice DrAr)
  4394 | D:6      | Killed DramaSushi's ghost
  4684 | D:7      | Noticed a boulder beetle
  4778 | D:7      | Reached XP level 10. HP: 65/65 MP: 10/10
  4808 | D:7      | Reached skill level 9 in Fighting
  4816 | D:7      | Noticed t4s4d4r's ghost (novice OpFi)
  4823 | D:7      | Noticed a two-headed ogre
  4830 | D:7      | Found a bloodstained altar of Trog.
  4837 | D:7      | Found a transporter.
  4843 | D:7      | Noticed a moth of wrath
  4852 | D:7      | Found a transporter.
  4989 | D:7      | Killed a boulder beetle
  5056 | D:7      | Found a flagged portal.
  5081 | Bailey   | Entered a bailey
  5516 | Bailey   | Found an iron altar of Okawaru.
  5535 | Bailey   | Became a worshipper of Warmaster Okawaru
  5705 | D:7      | Found a hide-covered altar of Uskayaw.
  6278 | D:8      | Reached skill level 10 in Fighting
  6285 | D:8      | Reached * piety under Okawaru
  6440 | D:8      | Reached XP level 11. HP: 72/72 MP: 11/11
  6693 | D:8      | Reached ** piety under Okawaru
  6707 | D:8      | Identified the +7 flail "Taisiwk" {heavy, *Slow rPois
                  | Str+4}
  6873 | D:9      | Noticed a two-headed ogre
  6887 | D:9      | Killed a two-headed ogre
  7245 | D:9      | Found a staircase to the Lair.
  7267 | D:9      | Found a glowing golden altar of the Shining One.
  7588 | D:9      | Found an iron altar of Okawaru.
  7588 | D:9      | Found a broken altar of Ashenzari.
  7749 | D:10     | Entered Level 10 of the Dungeon
  7785 | D:10     | Reached skill level 1 in Invocations
  7786 | D:10     | Noticed Grum
  7788 | D:10     | Reached *** piety under Okawaru
  7829 | D:9      | Reached skill level 11 in Fighting
  8247 | D:10     | Killed Grum
  8431 | D:10     | Reached skill level 10 in Shields
  8530 | D:10     | Noticed a two-headed ogre
  8539 | D:10     | Killed a two-headed ogre
  8540 | D:10     | Reached skill level 10 in Maces & Flails
  8540 | D:10     | Reached skill level 10 in Armour
  8603 | D:10     | Noticed a two-headed ogre
  8617 | D:10     | Killed a two-headed ogre
  8692 | D:10     | Reached **** piety under Okawaru
  9108 | D:10     | Noticed a wizard
  9119 | D:10     | Killed a wizard
  9120 | D:10     | Reached XP level 12. HP: 80/80 MP: 14/14
  9966 | D:11     | Noticed a two-headed ogre
  9979 | D:11     | Killed a two-headed ogre
  9997 | D:11     | Noticed a two-headed ogre
 10010 | D:11     | Killed a two-headed ogre
 10164 | D:11     | Noticed a two-headed ogre
 10171 | D:11     | Killed a two-headed ogre
 10171 | D:11     | Reached ***** piety under Okawaru
 10489 | D:12     | Found Malocieb's Antique Armour Shop.
 10692 | D:12     | Found a staircase to the Orcish Mines.
 11076 | D:12     | Noticed Rupert
 11106 | D:12     | Killed Rupert
 11233 | D:12     | Found Qettasch's Antique Weapon Boutique.
 11345 | D:12     | Reached skill level 5 in Invocations
 11494 | D:12     | Noticed a two-headed ogre
 11515 | D:12     | Reached skill level 12 in Fighting
 11525 | D:12     | Killed a two-headed ogre
 11680 | D:12     | Found Ameim's Book Shoppe.
 11849 | D:12     | Identified the +1 acid dragon scales "Jigothru" {rF++ rCorr
                  | Dex+3} (Okawaru gifted it to you on level 12 of the
                  | Dungeon)
 11849 | D:12     | Received a gift from Okawaru
 11859 | D:12     | Identified the +4 chain mail of Resilience {*Slow Fly rN+}
 12072 | Lair:1   | Entered Level 1 of the Lair of Beasts
 12072 | Lair:1   | Noticed Fannar
 12089 | D:9      | Killed Fannar
 12466 | Lair:1   | Noticed a boulder beetle
 12478 | Lair:1   | Reached XP level 13. HP: 87/87 MP: 17/17
 12757 | Lair:1   | Noticed Urug
 12780 | Lair:1   | Killed Urug
 12924 | Lair:1   | Noticed Gastronok
 12951 | Lair:1   | Killed Gastronok
 12974 | Lair:1   | Got the Reference Book on Cloudy Trauma
 13059 | Lair:1   | Noticed Amaemon
 13084 | Lair:1   | Killed Amaemon
 13256 | Lair:1   | Noticed Erica
 13272 | Lair:1   | Killed Erica
 13601 | Lair:2   | Noticed Athor's ghost (journeyman VSBr)
 13601 | Lair:2   | Found a runed translucent gate.
 13601 | Lair:2   | Found a runed translucent gate.
 13601 | Lair:2   | Found a runed translucent gate.
 13852 | Lair:1   | Reached skill level 13 in Fighting
 14001 | Lair:2   | Identified the +1 robe of Untruth {+Inv rF+}
 14004 | Lair:2   | Found a hole to the Spider Nest.
 14256 | Lair:2   | Identified the +5 quarterstaff of Amorality {freeze, rPois
                  | rF+ Will+} (Okawaru gifted it to you on level 2 of the Lair
                  | of Beasts)
 14256 | Lair:2   | Received a gift from Okawaru
 14540 | Lair:2   | Reached ****** piety under Okawaru
 14910 | Lair:2   | Gained mutation: Your large and strong wings let you fly.
                  | [Gargoyle growth]
 14910 | Lair:2   | Reached XP level 14. HP: 62/94 MP: 19/19
 14960 | Lair:2   | Killed Athor's ghost
 15261 | Lair:2   | Identified the +9 broad axe "Peapnawu" {heavy, *Noise rC+
                  | rN+}
 15695 | Lair:3   | Identified the +1 plate armour "Duagef" {Int+2} (Okawaru
                  | gifted it to you on level 3 of the Lair of Beasts)
 15695 | Lair:3   | Received a gift from Okawaru
 16108 | Lair:3   | Reached skill level 14 in Fighting
 16121 | Lair:3   | Found the +8 whip "Snakebite" {venom, curare, rPois}
 16583 | Lair:3   | Found a staircase to the Swamp.
 16728 | Lair:4   | Found a viscous altar of Jiyva.
 16728 | Lair:4   | Found a staircase to the Slime Pits.
 18165 | Lair:4   | Reached skill level 15 in Fighting
 18264 | Lair:5   | Entered Level 5 of the Lair of Beasts
 18491 | Lair:5   | Reached XP level 15. HP: 103/103 MP: 20/20
 18500 | Lair:5   | Received a gift from Okawaru
 19730 | Lair:5   | Identified the ring of Ittum {Ice rElec Will- SInv Stlth+}
 19994 | Orc:1    | Entered Level 1 of the Orcish Mines
 20101 | Orc:2    | Entered Level 2 of the Orcish Mines
 20677 | Orc:1    | Reached skill level 16 in Fighting
 20687 | Orc:1    | Received a gift from Okawaru
 21455 | Orc:2    | Found a staircase to the Elven Halls.
 21795 | Orc:2    | Found Fyskilli's Antique Armour Emporium.
 21800 | Orc:2    | Found Weoffaep's Distillery.
 21805 | Orc:2    | Found Zupaat's Book Shoppe.
 21806 | Orc:2    | Found Zaonotre's Armour Shoppe.
 21808 | Orc:2    | Bought a potion of might for 60 gold pieces
 22154 | Orc:1    | Received a gift from Okawaru
 22527 | D:13     | Found a frozen archway.
 22536 | IceCv    | Entered an ice cave
 22816 | IceCv    | Noticed a frost giant
 22848 | IceCv    | Killed a frost giant
 22918 | IceCv    | Reached XP level 16. HP: 112/112 MP: 21/21
 22965 | IceCv    | Reached skill level 17 in Fighting
 23501 | D:13     | Identified the +4 chain mail "Feirerchetia" {MP+9 Int+3}
                  | (Okawaru gifted it to you on level 13 of the Dungeon)
 23501 | D:13     | Received a gift from Okawaru
 23607 | D:13     | Got the Precepts of the Legion and Pyromania
 24040 | D:13     | Found a portal to a secret trove of treasure.
 24306 | Trove    | Entered a treasure trove
 24353 | Trove    | Got Sif Muna's Essays on Pneumatic Sculpting
 24366 | Trove    | Got Sif Muna's Compilation of Changed Striking
 24369 | Trove    | Got Sif Muna's Witchcraft, Part One
 24508 | D:14     | Found Giodoucwac's Distillery.
 24683 | D:14     | You are sucked into a shaft and drop 1 floor!
 24683 | D:15     | Entered Level 15 of the Dungeon
 24697 | D:15     | Found a hazy altar of Hepliaklqana.
 24803 | D:15     | Reached skill level 15 in Shields
 25075 | D:14     | Reached skill level 15 in Armour
 25113 | D:14     | Reached skill level 18 in Fighting
 25502 | D:14     | Found a gate to the Vaults.
 25651 | D:15     | Noticed Kirke
 25672 | D:15     | Killed Kirke
 26367 | D:15     | Found a staircase to the Depths.
 26662 | Swamp:1  | Entered Level 1 of the Swamp
 26983 | Swamp:1  | Reached skill level 19 in Fighting
 27151 | Swamp:1  | Noticed Donald
 27162 | Swamp:1  | Killed Donald
 27480 | Swamp:2  | Noticed a thorn hunter
 27496 | Swamp:2  | Killed a thorn hunter
 27510 | Swamp:2  | Reached XP level 17. HP: 80/122 MP: 22/22
 28342 | Swamp:3  | Noticed Nikola
 28644 | Swamp:2  | Reached skill level 20 in Fighting
 29065 | Swamp:2  | Reached skill level 15 in Maces & Flails
 29069 | Swamp:2  | Killed Nikola
 30080 | Swamp:4  | Entered Level 4 of the Swamp
 30269 | Swamp:4  | Noticed Roxanne
 30300 | Swamp:4  | Killed Roxanne
 30489 | Swamp:4  | Reached skill level 21 in Fighting
 30753 | Swamp:4  | Received a gift from Okawaru
 31141 | Swamp:4  | Noticed the 27-headed Lernaean hydra
 31152 | Swamp:4  | Killed the 27-headed Lernaean hydra
 31159 | Swamp:4  | Got a decaying rune of Zot
 31584 | Swamp:4  | Identified the +9 mace of Foolhardiness {drain, *Corrode
                  | rPois Int+2 SInv}
 31944 | Elf:1    | Entered Level 1 of the Elven Halls
 32534 | Spider:1 | Entered Level 1 of the Spider Nest
 32572 | Lair:2   | Reached skill level 22 in Fighting
 32768 | Lair:2   | Reached XP level 18. HP: 58/134 MP: 23/23
 33770 | Spider:1 | Found a transporter.
 33968 | Spider:1 | Noticed pedritolo's ghost (adept OpMo)
 34002 | Spider:1 | Noticed Arachne
 34013 | Spider:1 | Found a transporter.
 34788 | Spider:1 | You are sucked into a shaft and drop 1 floor!
 36808 | Spider:3 | Received a gift from Okawaru
 37052 | Spider:3 | Killed from afar by a meliai

Illustrated notes

Levels and vault maps discovered:
D:1:      dpeg_arrival_pits, layout_loops_ring, supply_closet_lemuel
D:2:      layout_loops_cross
D:3:      layout_loops_ring, grunt_gozag_breadcrumbs, serial_shops,
          nicolae_shop_statue_plus, shop, nicolae_square_shop,
          grunt_ministairs_3, uniq_sigmund, uniq_ijyb
D:4:      layout_gridville
D:5:      layout_loops_cross, marbit_many_paths,
          nicolae_qazlal_style_of_elements, minmay_temple_entry_large_hall
D:6:      layout_gridville, gammafunk_ghost_necromancy,
          minmay_misc_feat_pillars, uniq_eustachio, uniq_pikel, uniq_edmund
D:7:      minmay_clustersquares, layout_loops_cross, nicolae_uskayaw_suspiria,
          enter_bailey_7, gammafunk_ghost_wrathful_warriors, minmay_misc_feat_x
D:8:      layout_basic
D:9:      layout_basic, kennysheep_little_box, amethyst_overflow_temple_binary,
          lair_entry_dummy, special_room [special_room_bee]
D:10:     layout_basic, uniq_grum
D:11:     layout_rooms, chequers_garden
D:12:     layout_cave_pods, david_orc_1_choice, serial_shops, shop,
          nicolae_stop_n_shop_2, nicolae_stop_n_shop_2, uniq_rupert
D:13:     layout_irregular_city, portal_ice_cave_entry_pillars_1, enter_trove_5,
          hangedman_decor_points
D:14:     layout_roguey, david_vaults_5, serial_shops, shop
D:15:     grunt_enter_depths_magical_seal, layout_loops_ring,
          nicolae_hepliaklqana_hippocampus, uniq_kirke
Temple:   hellmonk_temple_two_chambers
Lair:1:   layout_cellular_growth, grunt_megastairs_5, uniq_fannar, uniq_erica,
          uniq_gastronok, uniq_amaemon, uniq_urug
Lair:2:   lemuel_slime, layout_gridlike, hellmonk_spider_entry_life_and_decay,
          gammafunk_ghost_hydra_chop
Lair:3:   minmay_guarded_unrand_snakebite, layout_regular_city,
          palyth_hydra_swamp_entry, grunt_megastairs_3, serial_bayou_shore_a
Lair:4:   nzn_winding_woodlands_stair_cross [nzn_winding_woodlands_5x15_crooked,
          nzn_winding_woodlands_center_garden,
          nzn_winding_woodlands_5x15_sidewinder,
          nzn_winding_woodlands_5x5_closed_star,
          nzn_winding_woodlands_hourglass, nzn_winding_woodlands_5x15_pockets,
          nzn_winding_woodlands_center_lodge,
          nzn_winding_woodlands_5x15_lazy_stream], layout_small_grid,
          slime_entry_1
Lair:5:   grunt_lair_end_beastmaster, layout_loops_ring, st_stairs_8
Swamp:1:  layout_falls_marsh, infiniplex_staircase_pool_2, swamp_pool2,
          uniq_donald
Swamp:2:  layout_basic_swamp, serial_swamp_ruin, evilmike_swamp_ruin_house_6,
          hangedman_swamp_ruin_wall, nicolae_swamp_alligator_family
Swamp:3:  layout_falls_marsh, evilmike_swamp_ruin_house_1, swamp_pool3,
          uniq_nikola
Swamp:4:  grunt_swamp_rune_castle, layout_basic_swamp, uniq_roxanne
Spider:1: nicolae_spider_broodchamber, nzn_ghost_randoct
Spider:2: layout_spider_delve, nicolae_spider_spiderdrome
Spider:3: layout_cave_pods, uniq_arachne
Orc:1:    layout_diamond_mine, bh_open_orc_temple
Orc:2:    st_orc_open, layout_caves
Elf:1:    minmay_elf_arrival_summoners, layout_loops_cross, minmay_elf_sorcery,
          drop_trap, david_defended_altar_elf

Skill      XL: |  1  2  3  4  5  6  7  8  9 10 11 12 13 14 15 16 17 18 |
---------------+-------------------------------------------------------+-----
Fighting       | 4 5 6 7 8 10 11 12 13 15 16 19 22 | 22.9
Maces & Flails | 3 4 5 6 7 9 10 11 12 13 14 15 16 | 16.0
Armour         | 4 6 7 8 10 11 12 13 14 15 16 17 | 17.0
Shields        | 4 6 7 9 10 11 12 13 14 16 17 18 | 18.8
Invocations    | 3 5 7 |  7.9

Action                     |  1- 3 |  4- 6 |  7- 9 | 10-12 | 13-15 | 16-18 || total
---------------------------+-------+-------+-------+-------+-------+-------++-------
  Melee: Flail             |    93 |    62 |       |       |       |       ||   155
         Mace              |       |    20 |   286 |  1045 |   200 |       ||  1551
         Demon whip        |       |       |       |       |   949 |       ||   949
         Eveningstar       |       |       |       |       |   531 |  1476 ||  2007
         Unarmed           |       |       |       |       |       |    18 ||    18
 Invoke: Heroism           |       |       |       |     4 |    16 |    23 ||    43
         Finesse           |       |       |       |       |       |     1 ||     1
    Use: Scroll            |     7 |     2 |     6 |    10 |    10 |    10 ||    45
         Potion            |       |       |       |     1 |     5 |    15 ||    21
 Armour: Scale mail        |    51 |    22 |       |       |       |       ||    73
         Plate armour      |       |    82 |   266 |   995 |  1165 |  1448 ||  3956
  Dodge: Dodged            |    39 |    39 |   116 |   236 |   403 |   484 ||  1317
  Block: Buckler           |    20 |    23 |   186 |   324 |       |       ||   553
         Reflection        |       |       |       |     9 |    20 |    41 ||    70
         Tower shield      |       |       |       |   698 |  2187 |  2296 ||  5181

Table legend: (Time is in decaauts)
 A = Elapsed time spent in this place.
 B = Non-inter-level travel time spent in this place.
 C = Inter-level travel time spent in this place.
 D = Time resting spent in this place.
 E = Time spent auto-exploring this place.
 F = Levels seen in this place.
 G = Mean time per level.
                   A        B        C        D        E       F      G
               +--------+--------+--------+--------+--------+-----+--------+
         Total |  36932 |  35029 |   1903 |   9364 |  18520 |  34 | 1086.2 |
       Dungeon |  16192 |  15010 |   1182 |   2629 |   9281 |  15 | 1079.5 |
        Temple |     17 |     13 |      4 |      0 |     10 |   1 |   17.0 |
          Lair |   7935 |   7589 |    346 |   1605 |   4419 |   5 | 1587.0 |
         Swamp |   5087 |   4917 |    170 |   2211 |   1912 |   4 | 1271.8 |
   Spider Nest |   3890 |   3840 |     50 |   1578 |   1571 |   3 | 1296.7 |
  Orcish Mines |   2450 |   2302 |    148 |   1076 |    753 |   2 | 1225.0 |
   Elven Halls |     25 |     25 |      0 |      0 |      0 |   1 |   25.0 |
         Trove |     84 |     84 |      0 |      0 |     41 |   1 |   84.0 |
        Bailey |    501 |    501 |      0 |    264 |     90 |   1 |  501.0 |
      Ice Cave |    746 |    746 |      0 |      0 |    442 |   1 |  746.0 |
               +--------+--------+--------+--------+--------+-----+--------+

Top non-repeatable levels by time:
    D:12: 2132 daAuts
  Lair:2: 2013 daAuts
Spider:1: 1756 daAuts
     D:9: 1733 daAuts
    D:10: 1631 daAuts
 Swamp:4: 1630 daAuts
  Lair:5: 1548 daAuts
  Lair:4: 1524 daAuts
 Swamp:2: 1512 daAuts
  Lair:3: 1432 daAuts
Spider:2: 1417 daAuts
   Orc:1: 1415 daAuts
  Lair:1: 1414 daAuts
    D:13: 1180 daAuts
     D:6: 1147 daAuts
